 Dungeon Crawl Stone Soup version 0.21.1-1-g345015f (webtiles) character file.

384 RudyRod the Shield-Bearer (level 7, -2/54 HPs)
             Began as a Formicid Fighter on May 6, 2018.
             Was a Follower of Okawaru.
             Killed by nerve-wracking pain
             ... invoked by an orc priest
              (4 damage)
             ... on level 3 of the Dungeon.
             The game lasted 00:09:06 (2328 turns).

RudyRod the Shield-Bearer (Formicid Fighter)        Turns: 2328, Time: 00:09:07

Health: -2/54      AC:  7    Str: 20    XL:     7   Next: 6%
Magic:  7/7        EV:  9    Int:  8    God:    Okawaru [*.....]
Gold:   59         SH: 10    Dex: 12    Spells: 6/6 levels left

rFire    . . .     SeeInvis +   a - +1 long sword
rCold    . . .     Gourm    .   c - +0 shield
rNeg     . . .     Faith    .   b - +0 scale mail
rPois    .         Spirit   .   (helmet unavailable)
rElec    .         Reflect  .   (no cloak)
rCorr    .         Harm     .   (no gloves)
MR       .....                  (no boots)
Stlth    ..........             (no amulet)
HPRegen  0.18/turn              (no ring)
MPRegen  0.10/turn              (no ring)

@: no status effects
A: permanent stasis, dig shafts and tunnels, four strong arms, antennae 3
a: Dig, Shaft Self, Heroism, Renounce Religion


You were on level 3 of the Dungeon.
You worshipped Okawaru.
Okawaru was aware of your devotion.
You were not hungry.

You visited 1 branch of the dungeon, and saw 3 of its levels.

You collected 59 gold pieces.

Inventory:

Hand Weapons
 a - a +1 long sword (weapon)
Armour
 b - a +0 scale mail (worn)
 c - a +0 shield (worn)
 i - a cursed -2 plate armour
Scrolls
 e - a scroll of teleportation
 h - 5 scrolls of remove curse {unknown}
Comestibles
 f - 2 rations


   Skills:
 + Level 4.1 Fighting
 + Level 4.2 Long Blades
 + Level 4.8 Armour
 * Level 1.8 Dodging
 + Level 0.2 Stealth
 + Level 5.1 Shields


You had 6 spell levels left.
You didn't know any spells.

Dungeon Overview and Level Annotations

Branches:
Dungeon (3/15)

Altars:
Dithmenos
Gozag
Okawaru


Innate Abilities, Weirdness & Mutations

You cannot be hasted, slowed, berserked, paralysed or teleported.
You can dig through walls and to a lower floor.
Your four strong arms can wield two-handed weapons with a shield.
You have a pair of large antennae on your head. (SInv)


Message History

Items here: ))) [[[[ ††
Things that are here:
a hand axe; a bat corpse
Things that are here:
a flail; a club; an orc corpse You hear the rapid rusting of a very distant drain.
The rat twitches its whiskers.
The orc priest invokes the aid of Beogh against you.
Pain shoots through your body!
* * * LOW HITPOINT WARNING * * *
You hit the orc priest but do no damage.
The orc priest hits you but does no damage.
Your shield and scale mail prevent you from hitting the orc priest.
You block the orc priest's attack.
The river rat twitches its whiskers.
The river rat bites you but does no damage.
You hit the orc priest but do no damage.
The orc priest mumbles some strange prayers to Beogh against you.
Pain shoots through your body!
You die...

,,,,********#..#.##.#...(# ##.
***<**** ###..#....#....# ###.
*,,,,,* #.†..##.#####..# #...
**,,,,,* #.#.......#..(## #.#.
,,.....*
#.#######{#..#######.._
**....,* #.# #..........###.
*....,* #.# ##)#######.#...
*#o.#** ##.########)# #.###.
#..#####..srSr@o.).# #†##..
#o.........#######.#######<##.#
#)######.S.# #.##...##)##.#
###o# ##{## *#....#.##.##.#
..o.# #.# #.(..^.....#...
.####*****#.# #.####?........
......,,,*#.# #.* #######...
.#####**,*#s# #.* ##.# ##
*,*#.## #.* ******###


You could see an orc priest, a river rat, a giant cockroach, a ball python and a
rat.

Vanquished Creatures
  The ghost of pom the Skirmisher, an amateur MiAK of Lugonu (D:3)
  2 orc priests (D:3)
  A hound (D:3)
  An orc wizard (D:3)
  Terence (D:2)
  3 adders
  4 gnolls (D:2)
  An ooze (D:2)
  2 leopard geckos (D:1)
  11 orcs (D:3)
  12 bats
  4 giant cockroaches (D:1)
  2 goblins
  10 hobgoblins
  4 jackals (D:1)
  3 quokkas
  A ball python (D:2)
  2 frilled lizards (D:1)
  5 kobolds
  8 rats
78 creatures vanquished.

Notes
Turn   | Place    | Note
-------+----------+-------------------------------------------
     0 | D:1      | RudyRod the Formicid Fighter began the quest for the Orb.
     0 | D:1      | Reached XP level 1. HP: 18/18 MP: 1/1
    57 | D:1      | Reached XP level 2. HP: 18/24 MP: 2/2
    88 | D:1      | Reached skill level 4 in Shields
   132 | D:1      | Reached XP level 3. HP: 22/29 MP: 3/3
   660 | D:2      | Noticed Terence
   694 | D:2      | Killed Terence
   694 | D:2      | Reached XP level 4. HP: 26/37 MP: 4/4
  1045 | D:2      | Reached XP level 5. HP: 13/42 MP: 5/5
  1252 | D:2      | Found a shadowy altar of Dithmenos.
  1461 | D:2      | Found an iron altar of Okawaru.
  1469 | D:2      | Became a worshipper of Warmaster Okawaru
  1661 | D:3      | Noticed pom's ghost (amateur MiAK)
  1682 | D:3      | Killed pom's ghost
  1682 | D:3      | Reached skill level 1 in Dodging
  1682 | D:3      | Reached XP level 6. HP: 12/48 MP: 6/6
  2023 | D:3      | Found an opulent altar of Gozag.
  2118 | D:3      | Reached * piety under Okawaru
  2215 | D:3      | Reached skill level 5 in Shields
  2224 | D:3      | Reached XP level 7. HP: 9/54 MP: 7/7
  2277 | D:3      | HP: 2/54 [river rat (5)]
  2324 | D:3      | HP: 1/54 [orc priest/nerve-wracking pain (9)]
  2328 | D:3      | Killed from afar by an orc priest

Skill      XL: |  1  2  3  4  5  6 |
---------------+-------------------+-----
Shields        | 4 5 |  5.1
Armour         | 4 |  4.8
Long Blades    | 3 4 |  4.2
Fighting       | 4 |  4.1
Dodging        | 1 |  1.8
Stealth        | |  0.2

Action                   |  1- 3 |  4- 6 |  7- 9 || total
-------------------------+-------+-------+-------++-------
Melee: Long sword        |   100 |   170 |    22 ||   292
  Use: Potion            |       |     3 |       ||     3
       Scroll            |       |     3 |     1 ||     4
 Stab: Invisible         |       |     1 |       ||     1
  Eat: Chunk             |       |     5 |       ||     5
Armor: Scale mail        |    55 |    62 |     6 ||   123
Dodge: Dodged            |    30 |    48 |     9 ||    87
Block: Shield            |    45 |    94 |    15 ||   154
       Rpst.: Long sword |     7 |    15 |     3 ||    25
